[ AOE2 MATCH · #505651672 ]
UnrankedTatars vs Cumans
Player's team · WIN
Rival team · LOSS
[ REPLAY ANALYSIS · EXTRACTED FROM THE RECORDED GAME ]
Feudal
8:25
Castle
21:06
Imperial
—
| APM avg | 61.8 |
| APM peak | 88 |
| eAPM avg | 26.8 |
| Villagers / military | 60 / 20 |
Focus
⚔️ 41.8% · 🌾 58.2%
Scout Cavalry ×9 · Monk ×6 · Keshik ×2 · Battering Ram ×2 · Spearman ×1
Feudal
8:27
Castle
—
Imperial
—
| APM avg | 61.5 |
| APM peak | 96 |
| eAPM avg | 38.5 |
| Villagers / military | 92 / 13 |
Focus
⚔️ 31.0% · 🌾 69.0%
Battering Ram ×13
Match map
Initial resources + every placement click. Lines = walls · curves = elevation contours. ◆ gold · ⬟ stone · ● berries · ✦ relic · ◌ wall gap
Your base· Open — 3t gap
msntt951753's base· Open — 6t gap
Smoothed initial terrain · ◌ = detected wall gap · hover for details
Inputs per minute
— 金戈铁鸡 - - msntt951753
Build order — 金戈铁鸡
First 150 of 153 actions detected
| 0:00 | Queue | Villager (Male) |
| 0:00 | Queue | Villager (Male) |
| 0:01 | Queue | Villager (Male) |
| 0:01 | Queue | Villager (Male) |
| 0:02 | Build | House |
| 0:03 | Build | House |
| 1:38 | Queue | Villager (Male) |
| 1:38 | Queue | Villager (Male) |
| 1:42 | Build | Lumber Camp |
| 2:04 | Queue | Villager (Male) |
| 2:04 | Queue | Villager (Male) |
| 2:27 | Queue | Villager (Male) |
| 2:27 | Queue | Villager (Male) |
| 2:48 | Queue | Villager (Male) |
| 2:48 | Queue | Villager (Male) |
| 3:17 | Queue | Villager (Male) |
| 3:17 | Queue | Villager (Male) |
| 3:56 | Build | House |
| 4:09 | Queue | Villager (Male) |
| 4:09 | Queue | Villager (Male) |
| 4:10 | Queue | Villager (Male) |
| 4:10 | Queue | Villager (Male) |
| 4:55 | Queue | Villager (Male) |
| 4:55 | Queue | Villager (Male) |
| 4:55 | Queue | Villager (Male) |
| 4:55 | Queue | Villager (Male) |
| 5:04 | Build | Mill |
| 5:09 | Queue | Villager (Male) |
| 5:09 | Queue | Villager (Male) |
| 5:35 | Queue | Villager (Male) |
| 5:35 | Queue | Villager (Male) |
| 5:47 | Research | Loom |
| 6:14 | Research | Feudal Age |
| 6:15 | Research | Feudal Age |
| 7:16 | Queue | Villager (Male) |
| 7:22 | Build | House |
| 7:23 | Build | House |
| 7:31 | Build | Barracks |
| 7:34 | Queue | Villager (Male) |
| 7:35 | Queue | Villager (Male) |
| 8:25 | Age | Feudal Age |
| 8:27 | Build | Stable |
| 8:42 | Queue | Villager (Male) |
| 8:45 | Research | Double-Bit Axe |
| 8:49 | Queue | Villager (Male) |
| 9:03 | Queue | Villager (Male) |
| 9:16 | Queue | Villager (Male) |
| 9:24 | Queue | Scout Cavalry |
| 9:26 | Build | Farm |
| 9:26 | Build | Farm |
| 9:49 | Queue | Villager (Male) |
| 9:50 | Queue | Villager (Male) |
| 9:54 | Build | Farm |
| 9:59 | Build | Farm |
| 10:12 | Queue | Villager (Male) |
| 10:19 | Build | Farm |
| 10:31 | Queue | Scout Cavalry |
| 10:53 | Queue | Villager (Male) |
| 10:54 | Queue | Villager (Male) |
| 11:05 | Queue | Villager (Male) |
| 11:09 | Build | Farm |
| 11:14 | Queue | Spearman |
| 11:24 | Build | House |
| 11:25 | Build | House |
| 11:35 | Queue | Villager (Male) |
| 11:42 | Build | Farm |
| 11:44 | Build | Farm |
| 11:47 | Build | Farm |
| 12:01 | Queue | Villager (Male) |
| 12:04 | Build | Farm |
| 12:27 | Queue | Villager (Male) |
| 12:28 | Queue | Villager (Male) |
| 12:33 | Queue | Scout Cavalry |
| 12:45 | Build | Farm |
| 12:47 | Build | Mining Camp |
| 12:51 | Queue | Villager (Male) |
| 12:53 | Build | Farm |
| 13:01 | Queue | Villager (Male) |
| 13:01 | Queue | Villager (Male) |
| 13:09 | Build | Lumber Camp |
| 13:20 | Queue | Villager (Male) |
| 13:38 | Queue | Villager (Male) |
| 13:53 | Queue | Villager (Male) |
| 14:16 | Queue | Scout Cavalry |
| 14:17 | Queue | Scout Cavalry |
| 14:52 | Research | Town Watch |
| 14:52 | Research | Town Watch |
| 15:01 | Queue | Villager (Male) |
| 15:01 | Queue | Scout Cavalry |
| 15:03 | Queue | Villager (Male) |
| 15:05 | Build | Farm |
| 15:32 | Build | Outpost |
| 15:35 | Queue | Villager (Male) |
| 15:37 | Build | Farm |
| 15:44 | Build | Watch Tower |
| 15:47 | Build | Mining Camp |
| 16:01 | Build | Palisade Gate |
| 16:04 | Build | Palisade Gate |
| 16:17 | Build | Palisade Gate |
| 16:41 | Build | Farm |
| 16:46 | Build | House |
| 17:23 | Build | Blacksmith |
| 17:35 | Build | Palisade Wall |
| 18:26 | Research | Castle Age |
| 18:26 | Research | Castle Age |
| 18:47 | Build | House |
| 18:49 | Build | House |
| 19:01 | Research | Fletching |
| 19:01 | Research | Fletching |
| 19:21 | Build | House |
| 19:24 | Build | House |
| 19:42 | Queue | Scout Cavalry |
| 19:51 | Build | House |
| 19:51 | Build | House |
| 20:32 | Queue | Villager (Male) |
| 20:45 | Queue | Villager (Male) |
| 20:52 | Queue | Scout Cavalry |
| 21:05 | Research | Scale Barding Armor |
| 21:05 | Research | Scale Barding Armor |
| 21:06 | Age | Castle Age |
| 21:25 | Research | Light Cavalry (upgrade) |
| 21:25 | Research | Light Cavalry (upgrade) |
| 21:50 | Queue | Scout Cavalry |
| 23:00 | Build | Castle |
| 23:50 | Build | Monastery |
| 24:23 | Queue | Monk |
| 24:24 | Queue | Monk |
| 24:29 | Build | Town Center |
| 24:38 | Queue | Monk |
| 25:29 | Build | Lumber Camp |
| 25:33 | Queue | Villager (Male) |
| 25:40 | Build | Mining Camp |
| 25:46 | Build | Farm |
| 25:49 | Queue | Monk |
| 25:58 | Queue | Villager (Male) |
| 26:13 | Queue | Monk |
| 26:26 | Queue | Keshik |
| 26:36 | Build | Farm |
| 27:09 | Queue | Villager (Male) |
| 27:11 | Queue | Keshik |
| 27:20 | Build | Siege Workshop |
| 27:27 | Build | Market |
| 27:41 | Queue | Villager (Male) |
| 27:41 | Queue | Villager (Male) |
| 28:06 | Queue | Villager (Male) |
| 28:14 | Queue | Battering Ram |
| 28:19 | Queue | Monk |
| 28:58 | Build | Farm |
| 28:58 | Build | Farm |
| 28:58 | Build | Farm |
Build order — msntt951753
First 150 of 217 actions detected
| 0:01 | Queue | Villager (Male) |
| 0:01 | Queue | Villager (Male) |
| 0:02 | Build | House |
| 0:03 | Build | House |
| 0:22 | Queue | Villager (Male) |
| 0:22 | Queue | Villager (Male) |
| 1:29 | Queue | Villager (Male) |
| 1:29 | Queue | Villager (Male) |
| 2:01 | Queue | Villager (Male) |
| 2:10 | Build | Lumber Camp |
| 2:12 | Queue | Villager (Male) |
| 2:49 | Queue | Villager (Male) |
| 3:08 | Queue | Villager (Male) |
| 3:08 | Queue | Villager (Male) |
| 3:43 | Queue | Villager (Male) |
| 3:43 | Queue | Villager (Male) |
| 3:50 | Build | House |
| 4:22 | Queue | Villager (Male) |
| 4:35 | Queue | Villager (Male) |
| 4:36 | Queue | Villager (Male) |
| 4:48 | Build | Mill |
| 5:26 | Queue | Villager (Male) |
| 5:26 | Queue | Villager (Male) |
| 5:32 | Research | Loom |
| 6:17 | Research | Feudal Age |
| 7:07 | Queue | Villager (Male) |
| 7:07 | Queue | Villager (Male) |
| 7:17 | Build | House |
| 7:59 | Build | Palisade Wall |
| 8:00 | Build | Palisade Wall |
| 8:27 | Age | Feudal Age |
| 8:31 | Queue | Villager (Male) |
| 8:31 | Queue | Villager (Male) |
| 8:39 | Build | Town Center |
| 8:52 | Queue | Villager (Male) |
| 9:28 | Queue | Villager (Male) |
| 9:52 | Queue | Villager (Male) |
| 9:54 | Build | Palisade Wall |
| 10:29 | Queue | Villager (Male) |
| 10:49 | Queue | Villager (Male) |
| 10:49 | Queue | Villager (Male) |
| 11:11 | Queue | Villager (Male) |
| 11:11 | Queue | Villager (Male) |
| 11:25 | Build | Watch Tower |
| 11:34 | Queue | Villager (Male) |
| 11:47 | Queue | Villager (Male) |
| 11:57 | Build | Outpost |
| 12:03 | Build | House |
| 12:10 | Build | Palisade Wall |
| 12:12 | Build | Palisade Wall |
| 12:14 | Build | Palisade Wall |
| 12:18 | Build | Palisade Wall |
| 12:26 | Build | Palisade Wall |
| 12:29 | Queue | Villager (Male) |
| 12:29 | Queue | Villager (Male) |
| 12:34 | Build | Watch Tower |
| 12:36 | Queue | Villager (Male) |
| 12:36 | Queue | Villager (Male) |
| 12:40 | Build | Palisade Wall |
| 12:40 | Build | Palisade Wall |
| 12:41 | Build | Palisade Wall |
| 12:41 | Build | Palisade Wall |
| 12:41 | Build | Palisade Wall |
| 12:41 | Build | Palisade Wall |
| 12:41 | Build | Palisade Wall |
| 12:41 | Build | Palisade Wall |
| 12:46 | Queue | Villager (Male) |
| 12:58 | Build | House |
| 13:03 | Build | Farm |
| 13:04 | Build | Farm |
| 13:06 | Build | Farm |
| 13:15 | Build | House |
| 13:50 | Queue | Villager (Male) |
| 14:06 | Build | Watch Tower |
| 14:06 | Queue | Villager (Male) |
| 14:13 | Build | Farm |
| 14:22 | Build | Mining Camp |
| 14:24 | Build | Farm |
| 14:28 | Queue | Villager (Male) |
| 14:33 | Build | Blacksmith |
| 14:47 | Build | Palisade Wall |
| 14:47 | Build | Palisade Wall |
| 14:47 | Build | Palisade Wall |
| 14:48 | Build | Palisade Wall |
| 14:48 | Build | Palisade Wall |
| 14:48 | Build | Palisade Wall |
| 14:48 | Build | Palisade Wall |
| 14:48 | Build | Palisade Wall |
| 14:49 | Build | Palisade Wall |
| 14:50 | Build | Palisade Wall |
| 14:53 | Queue | Villager (Male) |
| 15:10 | Queue | Villager (Male) |
| 15:16 | Build | House |
| 15:23 | Queue | Villager (Male) |
| 15:24 | Queue | Villager (Male) |
| 15:33 | Queue | Villager (Male) |
| 15:41 | Build | House |
| 15:51 | Build | Watch Tower |
| 15:52 | Queue | Villager (Male) |
| 16:07 | Build | Watch Tower |
| 16:18 | Build | Palisade Gate |
| 16:20 | Build | Palisade Wall |
| 16:21 | Build | Palisade Wall |
| 16:25 | Queue | Villager (Male) |
| 16:26 | Queue | Villager (Male) |
| 16:26 | Queue | Villager (Male) |
| 16:26 | Queue | Villager (Male) |
| 16:36 | Build | Palisade Wall |
| 16:37 | Build | Palisade Wall |
| 16:46 | Queue | Villager (Male) |
| 16:46 | Queue | Villager (Male) |
| 16:59 | Build | Siege Workshop |
| 17:03 | Queue | Villager (Male) |
| 17:05 | Queue | Villager (Male) |
| 17:16 | Queue | Villager (Male) |
| 17:18 | Build | Palisade Wall |
| 17:28 | Build | Palisade Wall |
| 17:28 | Build | Palisade Wall |
| 17:29 | Build | Palisade Wall |
| 17:29 | Build | Palisade Wall |
| 17:29 | Build | Palisade Wall |
| 17:29 | Build | Palisade Wall |
| 17:30 | Build | Palisade Wall |
| 17:34 | Build | Palisade Wall |
| 17:37 | Queue | Villager (Male) |
| 17:37 | Queue | Villager (Male) |
| 17:39 | Queue | Battering Ram |
| 17:39 | Queue | Battering Ram |
| 17:40 | Queue | Battering Ram |
| 18:04 | Build | Palisade Wall |
| 18:06 | Build | Palisade Wall |
| 18:07 | Queue | Villager (Male) |
| 18:13 | Queue | Battering Ram |
| 18:13 | Queue | Battering Ram |
| 18:20 | Queue | Villager (Male) |
| 18:21 | Queue | Villager (Male) |
| 18:30 | Queue | Villager (Male) |
| 18:45 | Queue | Villager (Male) |
| 19:05 | Queue | Villager (Male) |
| 19:16 | Build | House |
| 19:19 | Queue | Villager (Male) |
| 19:19 | Queue | Villager (Male) |
| 19:26 | Queue | Villager (Male) |
| 19:39 | Queue | Villager (Male) |
| 19:42 | Build | Palisade Wall |
| 19:43 | Build | Palisade Wall |
| 19:46 | Build | Farm |
| 19:46 | Build | Farm |
| 19:47 | Build | Farm |
| 20:27 | Queue | Villager (Male) |
Match timeline
| 7:31 | 金戈铁鸡 · first_building Barracks |
| 7:59 | msntt951753 · wall_segment Palisade Wall x1 |
| 8:00 | msntt951753 · wall_segment Palisade Wall x1 |
| 8:25 | 金戈铁鸡 · age_up feudal |
| 8:27 | msntt951753 · age_up feudal |
| 8:27 | 金戈铁鸡 · first_building Stable |
| 9:54 | msntt951753 · wall_segment Palisade Wall x3 |
| 12:10 | msntt951753 · wall_segment Palisade Wall x1 |
| 12:12 | msntt951753 · wall_segment Palisade Wall x1 |
| 12:14 | msntt951753 · wall_segment Palisade Wall x1 |
| 12:18 | msntt951753 · wall_segment Palisade Wall x1 |
| 12:26 | msntt951753 · wall_segment Palisade Wall x1 |
| 12:40 | msntt951753 · wall_segment Palisade Wall x1 |
| 12:40 | msntt951753 · wall_segment Palisade Wall x1 |
| 12:41 | msntt951753 · wall_segment Palisade Wall x1 |
| 12:41 | msntt951753 · wall_segment Palisade Wall x1 |
| 12:41 | msntt951753 · wall_segment Palisade Wall x1 |
| 12:41 | msntt951753 · wall_segment Palisade Wall x1 |
| 12:41 | msntt951753 · wall_segment Palisade Wall x1 |
| 12:41 | msntt951753 · wall_segment Palisade Wall x1 |
| 14:47 | msntt951753 · wall_segment Palisade Wall x1 |
| 14:47 | msntt951753 · wall_segment Palisade Wall x1 |
| 14:47 | msntt951753 · wall_segment Palisade Wall x1 |
| 14:48 | msntt951753 · wall_segment Palisade Wall x1 |
| 14:48 | msntt951753 · wall_segment Palisade Wall x1 |
| 14:48 | msntt951753 · wall_segment Palisade Wall x2 |
| 14:48 | msntt951753 · wall_segment Palisade Wall x1 |
| 14:48 | msntt951753 · wall_segment Palisade Wall x1 |
| 14:49 | msntt951753 · wall_segment Palisade Wall x1 |
| 14:50 | msntt951753 · wall_segment Palisade Wall x1 |
| 16:20 | msntt951753 · wall_segment Palisade Wall x1 |
| 16:21 | msntt951753 · wall_segment Palisade Wall x1 |
| 16:36 | msntt951753 · wall_segment Palisade Wall x1 |
| 16:37 | msntt951753 · wall_segment Palisade Wall x1 |
| 16:59 | msntt951753 · first_building Siege Workshop |
| 17:18 | msntt951753 · wall_segment Palisade Wall x2 |
| 17:28 | msntt951753 · wall_segment Palisade Wall x1 |
| 17:28 | msntt951753 · wall_segment Palisade Wall x1 |
| 17:29 | msntt951753 · wall_segment Palisade Wall x2 |
| 17:29 | msntt951753 · wall_segment Palisade Wall x1 |
| 17:29 | msntt951753 · wall_segment Palisade Wall x1 |
| 17:29 | msntt951753 · wall_segment Palisade Wall x1 |
| 17:30 | msntt951753 · wall_segment Palisade Wall x1 |
| 17:34 | msntt951753 · wall_segment Palisade Wall x1 |
| 17:35 | 金戈铁鸡 · wall_segment Palisade Wall x6 |
| 18:04 | msntt951753 · wall_segment Palisade Wall x3 |
| 18:06 | msntt951753 · wall_segment Palisade Wall x2 |
| 19:42 | msntt951753 · wall_segment Palisade Wall x1 |
| 19:43 | msntt951753 · wall_segment Palisade Wall x1 |
| 20:46 | msntt951753 · wall_segment Palisade Wall x2 |
| 21:06 | 金戈铁鸡 · age_up castle |
| 23:00 | 金戈铁鸡 · first_building Castle |
| 23:50 | 金戈铁鸡 · first_building Monastery |
| 24:54 | msntt951753 · wall_segment Palisade Wall x1 |
| 27:12 | msntt951753 · wall_segment Palisade Wall x1 |
| 27:14 | msntt951753 · wall_segment Palisade Wall x1 |
| 27:17 | msntt951753 · wall_segment Palisade Wall x1 |
| 27:20 | 金戈铁鸡 · first_building Siege Workshop |
| 27:24 | msntt951753 · wall_segment Palisade Wall x1 |
| 27:27 | msntt951753 · wall_segment Palisade Wall x1 |
| 27:29 | msntt951753 · wall_segment Palisade Wall x1 |
| 27:29 | msntt951753 · wall_segment Palisade Wall x1 |
| 27:32 | msntt951753 · wall_segment Palisade Wall x1 |
| 27:38 | msntt951753 · wall_segment Palisade Wall x1 |
| 27:56 | msntt951753 · first_building Barracks |
| 28:39 | msntt951753 · first_market_sell 100 wood |
| 28:43 | msntt951753 · first_market_buy 100 food |
| 28:58 | msntt951753 · wall_segment Palisade Wall x1 |
| 29:05 | msntt951753 · resign |
[ AI ANALYSIS · 1 CREDIT ]
What really happened in this match?
Wolo.gg analyzes every decision: build order, eco, micro, common mistakes by bracket. Personalized analysis on WhatsApp or Discord in 30 seconds.
Civ guide
Tatars
Perfil
Jugador #10516112